 Dungeon Crawl Stone Soup version 0.15-a0-1632-gd490d05 (console) character file.

83 Kellhus the Ruinous (level 4, -4/27 HPs)
             Began as an Octopode Wizard on June 21, 2014.
             Slain by valor's ghost (5 damage)
             ... on Level 3 of the Dungeon.
             The game lasted 00:03:08 (2737 turns).

Kellhus the Ruinous (Octopode Wizard)               Turns: 2737, Time: 00:03:08

HP  -4/27        AC  1     Str  6      XL: 4   Next: 44%
MP   9/9         EV 12     Int 21      God:
Gold 72          SH  0     Dex 10      Spells:  1 memorised,  8 levels left

rFire  . . .     SeeInvis .     s - +5 dagger
rCold  . . .     Clarity  .     (no shield)
rNeg   + . .     rCorr    .     b - +0 hat
rPois  .         rRot     .     (no amulet)
rElec  .         Spirit   .     h - ring of positive energy
SustAb .         Warding  .     (no ring)
rMut   .         Stasis   .     (no ring)
Gourm  .                        (no ring)
MR     .....                    (no ring)
                                (no ring)
                                (no ring)
                                (no ring)

@: not resistant to hostile enchantments, fairly stealthy
A: almost no armour, amphibious, 8 rings, constrict 8, camouflage 1, gelatinous
body 1
a: no special abilities


You were on level 3 of the Dungeon.
You were hungry.

You visited 1 branch of the dungeon, and saw 3 of its levels.

You collected 72 gold pieces.

Inventory:

Hand weapons
 s - a +5 dagger (weapon)
Armour
 b - a +0 hat (worn)
Comestibles
 d - 2 bread rations
 i - a beef jerky
Scrolls
 e - 2 scrolls of remove curse {unknown}
 f - 2 scrolls of identify {unknown}
 g - a scroll of amnesia {unknown}
 j - a scroll of enchant weapon {unknown}
 k - a scroll of random uselessness {unknown}
 m - a scroll of recharging {unknown}
 o - a scroll of noise {unknown}
 r - 2 scrolls of teleportation {unknown}
Jewellery
 h - a ring of positive energy (left tentacle)
Potions
 a - 2 potions of curing {unknown}
 l - a potion of porridge
 n - a potion of heal wounds {unknown}
 p - a potion of poison {unknown}
Books
 c - a book of Minor Magic

   Spells                             Type                      Level
   *Magic Dart                        Conjuration                  1
   Blink                              Translocation                2
   Call Imp                           Summoning                    2
   Repel Missiles                     Charms/Air                   2
   Slow                               Hexes                        2
   Conjure Flame                      Conjuration/Fire             3
   Mephitic Cloud                     Conjuration/Poison/Air       3


   Skills:
 - Level 2.0 Dodging
 - Level 2.6 Stealth
 - Level 3.0 Spellcasting
 + Level 4.1 Conjurations
   Level 1.0 Summonings
   Level 1.0 Translocations


You had 8 spell levels left.
You knew the following spells:

 Your Spells              Type           Power        Failure   Level  Hunger
a - Magic Dart            Conj           ###.         2%          1    None


Dungeon Overview and Level Annotations

Branches:
Dungeon (3/15)

Altars:

Annotations:
D:3 valor's ghost, average FoFi


Innate Abilities, Weirdness & Mutations

You cannot wear most types of armour.
You are amphibious.
You can wear up to eight rings at the same time.
You can use your tentacles to constrict many enemies at once.
Your skin changes colour to match your surroundings (Stealth).
Your rubbery body absorbs attacks (AC +1).


Message History

Press: ? - help, Shift-Dir - straight line, f/p - valor's ghost
Aim: valor's ghost (lightly damaged)
The magic dart hits valor's ghost.
Valor's ghost is lightly damaged.
Casting: Magic Dart
Confirm with . or Enter, or press ? or * to list all spells.
Aiming: Magic Dart
Press: ? - help, Shift-Dir - straight line, f/p - valor's ghost
Aim: valor's ghost (lightly damaged)
The magic dart hits valor's ghost.
Valor's ghost is lightly damaged.
Valor's ghost whispers, "Everlasting silence awaits you..."
Valor's ghost screams, "Zot is a myth, the ORB is a fable, you'll soon be a tale!"
Valor's ghost hits you! Valor's ghost hits you. Valor's ghost hits you!
* * * LOW HITPOINT WARNING * * *
There is a stone staircase leading up here.
Valor's ghost hits you.
You die...

##########
###########........#
............######.#
......%......# #.#
#.###.######.# #.#
#.# #.# #.#####.# ..#
#.# #.#.W@..# #.###.#
#.#.##### ......#
#.#.##
≈≈≈≈≈.######....#####
≈≈≈≈≈...........(...#
≈≈≈≈≈..#####....###.#
≈≈≈≈≈..# #.#.## #.#
.......# #.#.# #.#
.≈≈≈≈..# #.#.# #.#


You could see valor's ghost.

Vanquished Creatures
  An adder (D:3)
  2 giant mites (D:2)
  2 worms (D:2)
  2 giant geckos
  5 bats (D:1)
  2 giant cockroaches (D:2)
  6 hobgoblins
  5 jackals
  2 ball pythons (D:2)
  2 giant newts (D:1)
  6 goblins
  5 kobolds
  6 rats
46 creatures vanquished.

Notes
Turn   | Place    | Note
--------------------------------------------------------------
     0 | D:1      | Kellhus, the Octopode Wizard, began the quest for the Orb.
     0 | D:1      | Reached XP level 1. HP: 11/11 MP: 4/4
   456 | D:1      | Reached XP level 2. HP: 15/17 MP: 3/6
  1310 | D:2      | Reached XP level 3. HP: 17/21 MP: 0/7
  1988 | D:2      | Reached XP level 4. HP: 23/27 MP: 2/9
  2344 | D:2      | Reached skill level 4 in Conjurations
  2674 | D:3      | Noticed valor's ghost (average FoFi)
  2735 | D:3      | HP: 1/27 [valor's ghost (8)]
  2737 | D:3      | Slain by valor's ghost

Action                   |  1- 3 |  4- 6 || total
-------------------------+-------+-------++-------
Melee: Unarmed           |     2 |     9 ||    11
 Cast: Magic Dart        |    86 |    35 ||   121
